 Dungeon Crawl Stone Soup version 0.29-a0-901-g46a8461d6a (webtiles) character file.

Game seed: 16417252962450443381

7 Aviak the Grave Robber (level 2, 22/22 HPs)
             Began as a Meteoran Necromancer on July 23, 2022.
             Quit the game on level 1 of the Dungeon.
             The game lasted 00:01:33 (302 turns).

Aviak the Grave Robber (Meteoran Necromancer)        Turns: 302, Time: 00:01:34

Health: 22/22      AC:  5    Str:  9    XL:     2   Next: 23%
Magic:  7/7        EV: 12    Int: 16    God:
Gold:   41         SH:  0    Dex: 14    Spells: 6/7 levels left

rFire   . . .      SeeInvis .   (no weapon)
rCold   . . .      Faith    .   (no shield)
rNeg    . . .      Spirit   .   c - +0 leather armour
rPois   .          Reflect  .   d - +1 helmet
rElec   .          Harm     .   (no cloak)
rCorr   .          Rampage  .   (no gloves)
Will    .....                   (no boots)
Stlth   +.........              (no amulet)
HPRegen 0.07/turn               (no ring)
MPRegen 0.10/turn               (no ring)

@: glowing
A: sense surroundings 1, otherworldly, glowing, explore regen
a: no special abilities


You were on level 1 of the Dungeon.
You visited 1 branch of the dungeon, and saw 1 of its levels.

You collected 41 gold pieces.

Inventory:

Armour
 a - a +0 robe
 c - a +0 leather armour (worn)
 d - a +1 helmet (worn)
Scrolls
 e - a scroll of torment {unknown}
Potions
 b - a potion of magic


   Skills:
 + Level 0.9 Fighting
 - Level 2.4 Dodging
 - Level 1.4 Stealth
 - Level 3.0 Spellcasting
 + Level 4.5 Necromancy


You had 6 spell levels left.
You knew the following spells:

 Your Spells              Type           Power      Damage    Failure   Level
a - Necrotise             Necr           68%        1d7       4%          1

Your spell library contained the following spells:

 Spells                   Type           Power      Damage    Failure   Level
 Vampiric Draining        Necr           17%        2d7       12%         3
 Animate Dead             Necr           17%        N/A       38%         4
 Agony                    Necr           17%        N/A       75%         5


Dungeon Overview and Level Annotations

Branches:
Dungeon (1/15) Zot: 298

Altars:


Innate Abilities, Weirdness & Mutations

You passively map a small area around you.
You are easily found by Zot.
You glow in the dark.
You regain HP and MP as you explore.


Message History

The eye of devastation pulsates ominously.
There is a faded altar of an unknown god here.
Found 5 stones.
Found 4 gold pieces.
A goblin comes into view. It is wielding a +0 dagger.
Casting: Necrotise (safe; 4% risk of failure)
Confirm with . or Enter, or press ? or * to list all spells.
Aiming: Necrotise (safe; 4% risk of failure)
Press: ? - help, Shift-Dir - straight line, f - goblin
Aim: a goblin, wielding a +0 dagger (chance to affect: 86%)
The goblin writhes in agony!
You kill the goblin!
The dead are walking!
Training target 3.0 for Spellcasting reached!
Your Spellcasting skill increases to level 3!
You see here 5 stones.
You now have 39 gold pieces (gained 4).
A ball python comes into view.
The ball python hisses angrily.
The ball python bites you but does no damage.
The ball python grabs you. The ball python constricts you.
The ball python bites you but does no damage.
The ball python constricts you.
You closely miss the ball python. The ball python bites you.
The ball python constricts you.
Casting: Necrotise (safe; 4% risk of failure)
Confirm with . or Enter, or press ? or * to list all spells.
Aiming: Necrotise (safe; 4% risk of failure)
Press: ? - help, Shift-Dir - straight line, f - ball python
Aim: a ball python (constricting you, chance to affect: 86%)
The ball python writhes in agony.
You kill the ball python!
The dead are slithering!
You swap places.
You open the door.
There is an open door here.
Found 2 gold pieces.
You now have 41 gold pieces (gained 2).
Your ball python skeleton crumbles into dust!
Are you sure you want to abandon this character and quit the game? (Confirm with "yes".)

** * * ,
* , **
,, , , *
, * *, ,
#####
#.@.#
#.#.# *
#.#.#,
#.#.# *
, #.#..
* , ,
#.#####
>, ,
#.#...#
, , * ,,
#.#.#.#
*
,#.#.#.#
,


There were no monsters in sight!

Vanquished Creatures
  2 ball pythons (D:1)
  An endoplasm (D:1)
  A goblin (D:1)
  2 frilled lizards (D:1)
  2 kobolds (D:1)
8 creatures vanquished.

Notes
Turn   | Place    | Note
-------+----------+-------------------------------------------
     0 | D:1      | Aviak the Meteoran Necromancer began the quest for the Orb.
     0 | D:1      | Reached XP level 1. HP: 14/14 MP: 5/5
   146 | D:1      | Reached XP level 2. HP: 22/22 MP: 2/6
   148 | D:1      | Noticed a golden eye
   151 | D:1      | Found a faded altar of an unknown god.
   152 | D:1      | Noticed a great orb of eyes
   152 | D:1      | Noticed an eye of devastation
   152 | D:1      | Noticed an eye of devastation
   302 | D:1      | Quit the game

Illustrated notes

Levels and vault maps discovered:
D:1:      dreamdust_arrival_sigmund_warning, layout_loops_corners,
          hellmonk_ecumenical_altar_watching_god,
          corexii_item_surrounded_by_moat, roderic_serpentine_path,
          due_unseen_surprise

Skill      XL: |  1  2 |
---------------+-------+-----
Spellcasting   | 3 |  3.0
Fighting       | |  0.9
Dodging        | |  2.4
Stealth        | |  1.4
Necromancy     | |  4.5

Action                   || total
-------------------------++-------
Melee: Unarmed           ||     1
 Cast: Necrotise         ||     9
Armor: Leather armour    ||     3
Dodge: Dodged            ||     1

Table legend: (Time is in decaauts)
 A = Elapsed time spent in this place.
 B = Non-inter-level travel time spent in this place.
 C = Inter-level travel time spent in this place.
 D = Time resting spent in this place.
 E = Time spent auto-exploring this place.
 F = Levels seen in this place.
 G = Mean time per level.
                   A        B        C        D        E       F      G
               +--------+--------+--------+--------+--------+-----+--------+
         Total |    302 |    302 |      0 |      0 |     12 |   1 |  302.0 |
       Dungeon |    302 |    302 |      0 |      0 |     12 |   1 |  302.0 |
               +--------+--------+--------+--------+--------+-----+--------+

Top non-repeatable levels by time:
     D:1: 302 daAuts
